 Dungeon Crawl Stone Soup version 0.14-a0-1663-g0b35444 (webtiles) character file.

6775 Mitsuki the Hoplite (level 10, 0/86 HPs)
             Began as a Lava Orc Fighter on Dec 27, 2013.
             Was a High Priest of Okawaru.
             Killed from afar by a lava snake (7 damage)
             ... with a glob of lava
             ... on Level 9 of the Dungeon on Dec 29, 2013.
             The game lasted 01:03:34 (9175 turns).

Mitsuki the Hoplite (Lava Orc Fighter)              Turns: 9175, Time: 01:03:34

HP   0/86        AC 10     Str 23      XL: 10   Next: 66%
MP  10/10        EV 10     Int  8      God: Okawaru [*****.]
Gold 366         SH 25     Dex 10      Spells:  0 memorised,  9 levels left

rFire  + + +     SeeInvis +     D - +1,-3 orc falchion
rCold  x . .     Clarity  +     u - +4 ring mail {rN+}
rNeg   + + .     Conserve .     c - +0 orc shield
rPois  .         rCorr    .     (no helmet)
rElec  .         rRot     .     (no cloak)
SustAb . .       Spirit   .     (no gloves)
rMut   .         Warding  .     (no boots)
Saprov + . .     Stasis   .     (no amulet)
                                B - ring of see invisible
                                n - ring of positive energy

@: very slightly contaminated, hasted, very quick, somewhat resistant to hostile
enchantments, very unstealthy
A: clarity, conserve scrolls, saprovore 1, slow metabolism 1
a: Heroism, Finesse, Renounce Religion


You were on level 9 of the Dungeon.
You worshipped Okawaru.
Okawaru was extremely pleased with you.
You were hungry.

You visited 2 branches of the dungeon, and saw 10 of its levels.
You also visited: Sewer and Bailey.

You collected 448 gold pieces.
You spent 82 gold pieces at shops.

Inventory:

Hand weapons
 D - a +1,-3 orcish falchion (weapon)
Armour
 a - a +1 ring mail of fire resistance
 c - a +0 orcish shield (worn)
 u - a +4 ring mail of positive energy (worn)
Magical devices
 i - a wand of heal wounds (3)
 w - a wand of confusion (11)
Comestibles
 d - 6 meat rations
 j - 2 bread rations
 E - 4 royal jellies
Scrolls
 b - 3 scrolls of remove curse
 e - 3 scrolls of identify
 f - 2 scrolls of fog
 h - 2 scrolls of magic mapping
 k - 4 scrolls of amnesia
 p - a scroll of teleportation
 s - 2 scrolls of enchant weapon II
 y - a scroll of enchant armour
Jewellery
 l - an uncursed ring of sustain abilities
 n - a ring of positive energy (left hand)
 B - a ring of see invisible (right hand)
Potions
 m - 10 potions of curing
 r - 3 potions of flight
 v - 2 potions of brilliance
Books
 x - a book of the Warp

   Spells                             Type                      Level
   Recall                             Summoning/Translocation      3
   Control Teleport                   Charms/Translocation         4
   Phase Shift                        Translocation                5
   Warp Weapon                        Charms/Translocation         5
   Dispersal                          Translocation                6
   Controlled Blink                   Translocation                7
   Disjunction                        Translocation                8
 C - a book of Dreams

   Spells                             Type                      Level
   Ensorcelled Hibernation            Hexes/Ice                    2
   Flight                             Charms/Air                   3
   Phase Shift                        Translocation                5
   Shadow Creatures                   Summoning                    5
   Mass Confusion                     Hexes                        6
   Darkness                           Hexes                        7


   Skills:
 + Level 7.1 Fighting
 * Level 9.9 Long Blades
 + Level 7.5 Armour
 + Level 5.4 Dodging
 - Level 1.0 Stealth
 + Level 10.2 Shields


You had 9 spell levels left.
You didn't know any spells.

Dungeon Overview and Level Annotations

Branches:
Dungeon (9/16)             Temple (1/1) D:4             Orc (0/4) D:9
   Lair (0/8) D:8

Altars:
Ashenzari
Cheibriados
Elyvilon
Fedhas
Kikubaaqudgha
Makhleb
Nemelex Xobeh
Okawaru
Sif Muna
Trog
Vehumet
Xom
Yredelemnul
Zin
the Shining One

Shops:
D:5 :   D:6 ?


Innate Abilities, Weirdness & Mutations

You have stony skin.
Your flesh is almost immune to the effects of heat.
Your fire spells are more powerful.
Your flesh is vulnerable to cold.
Your heat harms attackers.
You bathe your surroundings in blazing heat.
You are too hot to use scrolls.
You are very good at protecting items from fire.
You can tolerate rotten meat.
You possess an exceptional clarity of mind.
You have a slow metabolism.


Message History

a - a runed ring mail You see here 17 gold pieces.
You now have 366 gold pieces (gained 17).
You block the lava snake's attack. You block the lava worm's attack.
Eat which item? (? for menu, Esc to quit)
This meat tastes really weird.
Your metabolism slows.
Eat which item? (? for menu, Esc to quit)
This meat tastes really weird.
Your thoughts seem clearer.
You feel like a meek peon again.
The lava snake spits lava!
The glob of lava hits you! You partially resist.
* * * LOW HITPOINT WARNING * * *
The lava snake spits lava!
The glob of lava hits you!
* * * LOW HITPOINT WARNING * * *
You miss the lava snake.
The lava snake is severely wounded.
The lava snake spits lava!
The glob of lava hits you! You partially resist.
You die...

#.#########.......#######+## #
#.##...............)....... ..
#........################## #.
#........#..≈≈.....# #.
#(.......#.≈.≈≈≈≈..# #.
#........#≈≈§≈§§≈..# #.
#........#.≈;≈§≈≈≈≈##########.
#........#≈≈S§§.§≈≈..§§§.§§...
#.##'#####≈≈.@..$≈≈..§§§)§§...
#.##...# #≈≈≈...≈§≈§.§§§§§§...
#.####'###≈≈§≈$≈≈§§##########.
####.......##≈§≈≈≈≈≈§.# #.
...'.......##.§§≈≈§§..# #.
####.......##..≈..§§§.# #. #
#.......############ ## #
######'## # #)#


You could see a lava fish and a lava snake.

Vanquished Creatures
  The ghost of Restia the Cleaver, an experienced MiFi of Okawaru (D:8)
  A fire drake (D:8)
  A troll (D:9)
  2 hippogriffs
  4 yaks (D:9)
  A steam dragon (D:8)
  Edmund (D:4)
  Menkaure (D:5)
  The ghost of Restia the Poker, an average TeFi (D:4)
  3 orc warriors (Bailey)
  An ice beast (D:5)
  A necrophage (D:9)
  2 sky beasts
  2 black bears
  3 phantoms
  5 ogres
  2 centaurs (D:8)
  A big kobold (Sewer)
  A water moccasin (D:9)
  A wyvern zombie (D:9)
  6 killer bees (D:8)
  2 yak zombies
  5 wights (D:6)
  2 lava snakes (D:9)
  7 crimson imps
  4 hounds
  4 scorpions
  5 jellies
  5 orc priests (D:9)
  2 iguanas (D:8)
  4 worker ants
  6 orc wizards
  A big kobold zombie (D:9)
  An ogre zombie (D:9)
  Jessica (D:3)
  7 gnolls
  19 adders
  2 green rats (Sewer)
  A giant centipede (D:6)
  4 giant mites
  3 worms
  17 grey rats (Sewer)
  2 giant eyeballs
  3 giant geckos
  6 oozes
  44 orcs
  18 bats
  A bat skeleton (D:6)
  A bat zombie (D:3)
  23 goblins
  19 hobgoblins
  2 jackals (D:4)
  34 kobolds
  2 quokkas
  9 ball pythons
  10 giant cockroaches
  3 giant newts
  2 goblin skeletons (D:4)
  An orc skeleton (D:8)
  An orc zombie (D:7)
  22 rats
  2 rat skeletons
  A rat zombie (D:5)
  A spectral orc (D:2)
350 creatures vanquished.

Vanquished Creatures (others)
  A kobold (D:9)
1 creature vanquished.

Grand Total: 351 creatures vanquished

Notes
Turn   | Place    | Note
--------------------------------------------------------------
     0 | D:1      | Mitsuki, the Lava Orc Fighter, began the quest for the Orb.
     0 | D:1      | Reached XP level 1. HP: 19/19 MP: 1/1
   307 | D:1      | Reached XP level 2. HP: 26/26 MP: 2/2
   368 | D:1      | Found a glowing golden altar of the Shining One.
   769 | D:2      | Reached XP level 3. HP: 33/33 MP: 3/3
   822 | D:2      | Reached skill level 4 in Fighting
   998 | D:2      | Found a basalt altar of Yredelemnul.
  1157 | D:2      | Reached XP level 4. HP: 40/40 MP: 4/4
  1413 | D:2      | Found a snail-covered altar of Cheibriados.
  1840 | D:3      | Reached skill level 1 in Dodging
  1887 | D:3      | Reached XP level 5. HP: 46/46 MP: 5/5
  2021 | D:3      | Noticed Jessica
  2031 | D:3      | Killed Jessica
  2085 | D:3      | Found a deep blue altar of Sif Muna.
  2471 | D:4      | Found a staircase to the Ecumenical Temple.
  2480 | D:4      | Noticed a phantom
  2486 | Temple   | Entered the Ecumenical Temple
  2774 | Temple   | Became a worshipper of Warmaster Okawaru
  2806 | D:4      | Killed a phantom
  2806 | D:4      | Reached skill level 5 in Shields
  2806 | D:4      | Reached XP level 6. HP: 46/53 MP: 6/6
  2858 | D:4      | Noticed Edmund
  2860 | D:4      | Noticed an ogre
  2891 | D:4      | Killed an ogre
  2891 | D:4      | Acquired Okawaru's first power
  2896 | D:4      | Killed Edmund
  2946 | D:4      | Reached XP level 7. HP: 31/60 MP: 7/7
  2960 | D:4      | Noticed Restia's ghost (average TeFi)
  3060 | D:4      | Killed Restia's ghost
  3060 | D:4      | Reached skill level 5 in Armour
  3060 | D:4      | Reached skill level 6 in Shields
  3084 | D:4      | Noticed an ogre
  3097 | D:4      | Killed an ogre
  3097 | D:4      | Reached skill level 5 in Fighting
  3152 | D:4      | Paralysed by a giant eyeball for 3 turns
  3397 | D:4      | Found a sparkling altar of Nemelex Xobeh.
  3489 | D:5      | Entered Level 5 of the Dungeon
  3491 | D:5      | Found a radiant altar of Vehumet.
  3866 | D:5      | Noticed Menkaure
  3884 | D:5      | Killed Menkaure
  3884 | D:5      | Reached XP level 8. HP: 12/69 MP: 8/8
  3920 | D:5      | Found Qelamoe's Book Emporium.
  4096 | D:5      | Reached skill level 1 in Stealth
  4096 | D:5      | Reached skill level 7 in Shields
  4280 | D:6      | Found a shattered altar of Ashenzari.
  4301 | D:6      | Found a glowing drain.
  4337 | Sewer    | Entered a sewer
  4571 | Sewer    | Reached skill level 5 in Long Blades
  5119 | D:6      | Paralysed by a giant eyeball for 2 turns
  5126 | D:6      | Paralysed by a giant eyeball for 3 turns
  5149 | D:6      | Found Amunorph's Magic Scroll Boutique.
  5162 | D:6      | Bought a scroll of enchant weapon II for 82 gold pieces
  5214 | D:6      | Reached skill level 8 in Shields
  5470 | D:7      | Reached XP level 9. HP: 75/75 MP: 9/9
  5912 | D:7      | Found a flagged portal.
  6067 | Bailey   | Entered a bailey
  6473 | D:8      | Reached skill level 9 in Shields
  6647 | D:8      | Upgraded the game from 0.14-a0-1653-g0ad7a2c to 0.14-a0-1663-g0b35444
  6667 | D:8      | Noticed Restia's ghost (experienced MiFi)
  6675 | D:8      | Killed Restia's ghost
  6719 | D:8      | Noticed a fire drake
  6720 | D:8      | Found a staircase to the Lair.
  6736 | D:8      | Killed a fire drake
  6736 | D:8      | Reached XP level 10. HP: 36/84 MP: 10/10
  7852 | D:9      | Acquired Okawaru's second power
  8402 | D:9      | Reached skill level 5 in Dodging
  8431 | D:9      | Found a staircase to the Orcish Mines.
  8743 | D:9      | Reached skill level 10 in Shields
  9168 | D:9      | Gained mutation: You have a slow metabolism. [mutagenic meat]
  9169 | D:9      | Gained mutation: You possess an exceptional clarity of mind. [mutagenic meat]
  9175 | D:9      | Killed from afar by a lava snake

Action                   |  1- 3 |  4- 6 |  7- 9 | 10-12 || total
-------------------------+-------+-------+-------+-------++-------
Melee: Falchion          |   135 |   204 |   765 |   493 ||  1597
Invok: Heroism           |       |       |     3 |     1 ||     4
Evoke: Wand              |       |       |     2 |     1 ||     3
  Use: Scroll            |       |     8 |    10 |       ||    18
       Potion            |       |     6 |    14 |     5 ||    25
